 Dungeon Crawl Stone Soup version 0.17.1-3-g152610e (webtiles) character file.

16 Heskey the Digger (level 2, -3/16 HPs)
             Began as a Gargoyle Earth Elementalist on Mar 21, 2016.
             Slain by a gnoll
             ... wielding a +0 spear
              (4 damage)
             ... on level 1 of the Dungeon.
             The game lasted 00:02:04 (844 turns).

Heskey the Digger (Gargoyle Earth Elementalist)      Turns: 844, Time: 00:02:05

Health: -3/16      AC:  4    Str: 11    XL:     2   Next: 54%
Magic:  1/5        EV: 12    Int: 15    God:
Gold:   48         SH:  0    Dex: 10    Spells: 1 memorised, 4 levels left

rFire  . . .     SeeInvis .     (no weapon)
rCold  . . .     Clarity  .     a - +0 robe
rNeg   + . .     SustAt   .     (no shield)
rPois  ∞         Gourm    .     (no helmet)
rElec  +         Spirit   .     (no cloak)
rCorr  .         Warding  .     (no gloves)
rMut   .         Stasis   .     (no boots)
MR     .....                    (no amulet)
Stlth  ++........               (no ring)
                                (no ring)

@: very slightly contaminated, not resistant to hostile enchantments, unstealthy
A: negative energy resistance 1, electricity resistance, unbreathing,
petrification resistance, rot immunity, AC +2
a: no special abilities


You were on level 1 of the Dungeon.
You were not hungry.

You visited 1 branch of the dungeon, and saw 1 of its levels.

You collected 48 gold pieces.

Inventory:

Missiles
 b - 65 stones (quivered)
Armour
 a - a +0 robe (worn)
Jewellery
 n - an uncursed ring of wizardry {unknown}
Scrolls
 e - 3 scrolls of identify {unknown}
 f - a scroll of noise {unknown}
 i - a scroll of remove curse {unknown}
 j - a scroll of enchant armour {unknown}
 m - a scroll of teleportation {unknown}
Potions
 g - a potion of curing {unknown}
 h - a potion of brilliance {unknown}
 l - 2 potions of might {unknown}
Books
 c - a book of Geomancy

   Spells                             Type                      Level
   a - Sandblast                      Earth                        1
   b - Stoneskin                      Transmutation/Earth          2
   c - Passwall                       Transmutation/Earth          3
   d - Stone Arrow                    Conjuration/Earth            3
   e - Petrify                        Transmutation/Earth          4
   f - Lee's Rapid Deconstruction     Earth                        5
Comestibles
 d - a bread ration
 k - a meat ration


   Skills:
 + Level 0.7 Fighting
 + Level 1.7 Dodging
 - Level 2.1 Stealth
 + Level 2.3 Spellcasting
   Level 0.7 Transmutations
 + Level 3.9 Earth Magic


You had 4 spell levels left.
You knew the following spells:

 Your Spells              Type           Power        Failure   Level  Hunger
a - Sandblast             Erth           ##....       4%          1    #......


Dungeon Overview and Level Annotations

Branches:
Dungeon (1/15)

Altars:


Innate Abilities, Weirdness & Mutations

You are resistant to torment.
Your stone body is resilient (AC +2).
You are immune to poison.
You resist negative energy.
You are resistant to electric shocks.
You can survive without breathing.
You are immune to petrification.
You are immune to rotting.


Message History

You miscast Sandblast.
You are very lightly contaminated with residual magic.
Nothing appears to happen.
The gnoll barely misses you.
Casting: Sandblast
Confirm with . or Enter, or press ? or * to list all spells.
Aiming: Sandblast
Press: ? - help, Shift-Dir - straight line, f/p - gnoll
Aim: a gnoll, wielding a spear The blast of sand hits the gnoll.
The giant newt hisses menacingly.
The gnoll hits you but does no damage.
Casting: Sandblast
Confirm with . or Enter, or press ? or * to list all spells.
Aiming: Sandblast
Press: ? - help, Shift-Dir - straight line, f/p - gnoll
Aim: a gnoll, wielding a spear The blast of sand hits the gnoll.
The gnoll is moderately wounded.
The gnoll hits you from afar with a spear.
You die...

#.#.#.###........###.#.#.####.##.
....#.# #............#.#......##.
#.#.#.# #.###.#...##.......#####.
#.#.#.###.###.#....##......[.....
###.#.......#l#.#...'.......#####
#.#..##.#.#.#..#.##.......# #.
#.#...#.#.#.##.#.##.......# #.
#.##..#.#.#.##.#.##.......# #.
.##....#.#lg.@#.##.......# ###
#..#.#.######.###.#.##.# #..
#..#.#.# ..# #.#.##.# #.#
#..#.#.# ### #.#....# #.#
#..#.#.# #.###### #.# #..#.#.#
..# #.# #..#.#.# ### #.# #..#.#.#
#).# #.# #..#.#.# #..# #.#


You could see a gnoll and a giant newt.

Vanquished Creatures
  2 giant cockroaches (D:1)
  3 goblins (D:1)
  2 hobgoblins (D:1)
  5 bats (D:1)
  2 rats (D:1)
14 creatures vanquished.

Notes
Turn   | Place    | Note
--------------------------------------------------------------
     0 | D:1      | Heskey the Gargoyle Earth Elementalist began the quest for the Orb.
     0 | D:1      | Reached XP level 1. HP: 10/10 MP: 3/3
   192 | D:1      | Reached XP level 2. HP: 12/15 MP: 5/5
   844 | D:1      | Slain by a gnoll

Action                   || total
-------------------------++-------
Melee: Unarmed           ||   112
 Cast: Sandblast         ||    12
 Stab: Sleeping          ||     1
